 Dungeon Crawl Stone Soup version 0.30.0-29-ga12c61a403 (webtiles) character file.

Game seed: 2949608241473248333

427 cdecastro the Chopper (level 6, 0/58 HPs)
             Began as a Hill Orc Fighter on June 22, 2023.
             Was a Follower of Ru.
             Slain by an orc wizard
             ... wielding a +0 war axe
              (6 damage)
             ... on level 4 of the Dungeon.
             The game lasted 00:05:12 (3015 turns).

cdecastro the Chopper (Hill Orc Fighter)            Turns: 3015, Time: 00:05:12

Health: 0/58       AC:  8    Str: 21    XL:     6   Next: 97%
Magic:  6/6        EV:  9    Int:  8    God:    Ru [*.....]
Gold:   99         SH:  4    Dex: 10    Spells: 5/5 levels left

rFire   . . .        a - +0 war axe
rCold   . . .        c - +0 buckler
rNeg    . . .        b - +0 scale mail
rPois   .            (no helmet)
rElec   .            (no cloak)
rCorr   .            e - +0 pair of gloves
SInv    .            (no boots)
Will    .....        (no amulet) Stlth
                     (no ring)
HPRegen 0.29/turn    (no ring)
MPRegen 0.10/turn

%: no passive effects
@: unable to read
A: inability to read after injury 2
a: Renounce Religion


You were on level 4 of the Dungeon.
You worshipped Ru.
Ru was aware of your devotion.
You visited 1 branch of the dungeon, and saw 4 of its levels.

You collected 99 gold pieces.

Inventory:

Hand Weapons
 a - a +0 war axe (weapon)
Missiles
 o - 2 boomerangs (quivered)
Armour
 b - a +0 scale mail (worn)
 c - a +0 buckler (worn)
 e - a +0 pair of gloves (worn)
Jewellery
 q - a ring of positive energy
Wands
 r - a wand of iceblast (6)
Scrolls
 f - 5 scrolls of immolation {unknown}
 g - a scroll of enchant weapon {unknown}
 h - 4 scrolls of identify {unknown}
 j - 2 scrolls of magic mapping {unknown}
 l - 5 scrolls of teleportation {unknown}
 n - a scroll of fear {unknown}
 p - a scroll of poison {unknown}
 s - a scroll of torment {unknown}
 t - a scroll of fog {unknown}
 u - a scroll of noise {unknown}
 w - a scroll of acquirement {unknown}
Potions
 d - 2 potions of might
 i - a potion of brilliance {unknown}
 k - 2 potions of curing
 m - a potion of cancellation {unknown}
 v - a potion of degeneration {unknown}


   Skills:
 + Level 6.9 Fighting
 + Level 7.0 Axes
 - Level 3.2 Armour
 - Level 3.2 Shields


You had 5 spell levels left.
You didn't know any spells.
Your spell library was empty.

Dungeon Overview and Level Annotations

Branches:
Dungeon (4/15)
 Temple: D:4-7

Altars:
Cheibriados
Dithmenos
Gozag
Kikubaaqudgha
Nemelex Xobeh
Ru
Yredelemnul


Innate Abilities, Weirdness & Mutations

You sometimes lose the ability to read scrolls when taking damage.


Message History

A magic dart appears from out of thin air!
The magic dart hits you!
* * * LOW HITPOINT WARNING * * *
You see here a +1 flail of holy wrath.
Unknown command.
Something hits you but does no damage.
You hit something. Something completely misses you.
You hear some strange, mumbled words.
A magic dart appears from out of thin air!
The magic dart hits you.
* * * LOW HITPOINT WARNING * * *
You barely miss something. Something hits you.
* * * LOW HITPOINT WARNING * * *
You closely miss something.
You hear some strange, mumbled words.
A magic dart appears from out of thin air!
The magic dart hits you.
* * * LOW HITPOINT WARNING * * *
You hit something but do no damage. Something hits you but does no damage.
You feel better.
You hear some strange, mumbled words.
A puff of flame appears from out of thin air!
The puff of flame hits you!
* * * LOW HITPOINT WARNING * * *
You closely miss something. You block something's attack.
Unknown command.
You barely miss something. Something hits you but does no damage.
Unknown command.
You barely miss something.
You hear some strange, mumbled words.
Something tries to affect you, but you resist.
Something hits you.
* * * LOW HITPOINT WARNING * * *
Unknown command.
You closely miss something. Something hits you but does no damage.
Unknown command.
You barely miss something. Something hits you but does no damage.
Unknown command.
You closely miss something. Something hits you.
You die...

#......[...... #########
#............. ........#
#.............
........###########......
.................##......
......)..........#+......
.................##......
.......!.).......##......
.......)@{.......##......
.....#.#.........##...... .
######.#.........# ..... ..
#...............# .....
..o##....#..........# .....
....................########
............................
...............##.#....####.
..............<([.........#.


There were no monsters in sight!

Vanquished Creatures
  2 scorpions (D:4)
  A jelly (D:4)
  An orc priest (D:4)
  Natasha (thrice) (D:4)
  2 orc wizards (D:4)
  4 gnolls
  An adder (D:2)
  A worm (D:2)
  5 orcs (D:4)
  6 endoplasms
  A giant cockroach (D:3)
  9 goblins
  3 hobgoblins
  6 kobolds
  4 quokkas
  2 ball pythons (D:3)
  6 bats
  5 frilled lizards
  8 rats
70 creatures vanquished.

Notes
Turn   | Place    | Note
-------+----------+-------------------------------------------
     0 | D:1      | cdecastro the Hill Orc Fighter began the quest for the Orb.
     0 | D:1      | Reached XP level 1. HP: 19/19 MP: 1/1
   206 | D:1      | Reached skill level 3 in Axes
   324 | D:1      | Reached XP level 2. HP: 27/27 MP: 2/2
   911 | D:2      | Reached XP level 3. HP: 34/34 MP: 3/3
   958 | D:2      | Reached skill level 4 in Axes
  1300 | D:3      | Found a sacrificial altar of Ru.
  1344 | D:3      | Became a worshipper of Ru the Awakened
  1517 | D:3      | Found an opulent altar of Gozag.
  1517 | D:3      | Found a sparkling altar of Nemelex Xobeh.
  1518 | D:3      | Found a basalt altar of Yredelemnul.
  1626 | D:3      | Found a snail-covered altar of Cheibriados.
  1766 | D:3      | Reached XP level 4. HP: 41/41 MP: 4/4
  1813 | D:3      | Found a shadowy altar of Dithmenos.
  2024 | D:4      | Noticed a scorpion
  2038 | D:4      | Killed a scorpion
  2039 | D:4      | Reached skill level 5 in Fighting
  2039 | D:4      | Reached skill level 5 in Axes
  2039 | D:4      | Reached XP level 5. HP: 35/48 MP: 5/5
  2411 | D:4      | Gained mutation: You occasionally lose the ability to read
                  | scrolls when taking damage. [Ru sacrifice]
  2411 | D:4      | Gained mutation: You sometimes lose the ability to read
                  | scrolls when taking damage. [Ru sacrifice]
  2411 | D:4      | Reached * piety under Ru
  2440 | D:4      | Found an ancient bone altar of Kikubaaqudgha.
  2537 | D:4      | Noticed Natasha
  2543 | D:4      | Reached XP level 6. HP: 42/57 MP: 6/6
  2546 | D:4      | Reached skill level 6 in Axes
  2549 | D:4      | Killed Natasha
  2564 | D:4      | Noticed Natasha
  2714 | D:4      | Killed Natasha
  2994 | D:4      | Noticed Natasha
  3001 | D:4      | Killed Natasha
  3003 | D:4      | Reached skill level 7 in Axes
  3015 | D:4      | Slain by an orc wizard

Illustrated notes

Levels and vault maps discovered:
D:1:      amcnicky_arrival_abandoned_market, layout_basic, serial_bayou_pond_a
D:2:      layout_basic
D:3:      layout_loops_ring, mainiacjoe_overflow_24_doors, lemuel_doored_altar,
          gammafunk_temple_overflow_claw, mainiacjoe_overflow_small_starburst
D:4:      layout_basic, kiku_gazebo_garden_becter, minmay_misc_feat_rows,
          uniq_natasha

Skill      XL: |  1  2  3  4  5  6 |
---------------+-------------------+-----
Axes           | 3 4 5 7 |  7.0
Fighting       | 4 5 6 |  6.9
Armour         | |  3.2
Shields        | |  3.2

Action                     |  1- 3 |  4- 6 || total
---------------------------+-------+-------++-------
  Melee: War axe           |   104 |    89 ||   193
 Invoke: Sacrifice Words   |       |     1 ||     1
    Use: Potion            |       |     1 ||     1
 Armour: Scale mail        |    50 |    40 ||    90
  Dodge: Dodged            |    63 |    42 ||   105
  Block: Buckler           |    12 |    27 ||    39
